Map: Backcountry

Players

Amix - Winner!

  • Race: Zerg Zerg
  • League: Platinum
  • Spawn Location: 9:00

protobuff - Winner!

  • Race: Protoss Protoss
  • Spawn Location: 11:00

chusux - Winner!

  • Race: Terran Terran
  • Spawn Location: 11:00

A.I. 3 (Medium)

  • Race: Protoss Protoss
  • Spawn Location: 5:00

A.I. 4 (Medium)

  • Race: Zerg Zerg
  • Spawn Location: 5:00

A.I. 5 (Medium)

  • Race: Terran Terran
  • Spawn Location: 5:00

VOD

Have the link to the VOD?

Description

Time

  • Played on: Nov. 17, 2016, 12:34 p.m.
  • Length: 14:11
Show
View Real Time Build Order
Export as new Build Order

Amix Zerg - Winner!

Build Orders: Hatch First 

Get SALT Encoding   

  12  0:01  Drone  
  13  0:08  Drone  
  14  0:17  Overlord  
  14  0:23  Drone, Extractor  
  15  0:37  Drone x2  
  17  0:58  Drone  
  17  1:02  Extractor  
  17  1:07  Drone x2  
  17  1:09  Hatchery  
  18  1:24  Spawning Pool  
  17  1:27  Drone  
  17  1:30  Drone  
  19  1:39  Drone  
  20  1:54  Drone  
  21  2:07  Drone  
  22  2:20  Queen  
  22  2:21  Drone x3  
  27  2:32  Overlord x2  
  27  2:42  Drone  
  28  2:46  Queen, Spine Crawler  
  28  2:47  Spine Crawler  
  28  2:53  Drone  
  29  3:03  Queen  
  29  3:04  Zergling x6  
  34  3:06  Zergling x2  
  34  3:10  Metabolic Boost  
  35  3:16  Drone  
  36  3:26  Queen  
  38  3:29  Drone x3  
  38  3:33  Overlord  
  41  3:42  Drone x2  
  41  3:43  Drone  
  44  3:53  Drone x2  
  44  3:54  Drone  
  47  3:59  Zergling x6  
  47  4:01  Lair  
  50  4:04  Extractor  
  50  4:07  Extractor x2  
  47  4:18  Drone x4  
  47  4:19  Drone  
  52  4:27  Overlord x3  
  52  4:45  Evolution Chamber  
  51  4:47  Evolution Chamber  
  51  4:49  Drone x5  
  51  4:50  Drone x2  
  57  5:09  Zergling x4  
  59  5:19  Zergling x4  
  61  5:21  Hatchery  
  61  5:27  Drone x2  
  61  5:28  Drone x3  
  65  5:29  Queen x2  
  65  5:33  Zerg Melee Weapons Level 1  
  61  6:05  Zergling x14  
  61  6:06  Zergling x10  
  68  6:15  Zergling x2  
  58  6:37  Spine Crawler  
  58  6:39  Zergling x16  
  62  6:47  Queen x2  
  62  6:48  Queen  
  68  7:01  Zergling x12  
  71  7:07  Drone x2  
  76  7:10  Zerg Ground Armor Level 1  
  76  7:20  Zergling x10  
  81  7:54  Unknown  
  81  7:55  Queen  
  81  7:57  Queen  
  81  8:13  Drone  
  81  8:14  Overlord x5  
  81  8:18  Zerg Melee Weapons Level 2  
  82  8:27  Infestation Pit  
  82  8:28  Queen, Spine Crawler  
  82  8:30  Spine Crawler  
  82  8:31  Drone  
  82  8:32  Spine Crawler  
  81  8:48  Drone x2  
  81  8:49  Drone x8  
  81  8:53  Extractor  
  81  8:55  Extractor  
  71  9:36  Hive  
  71  9:50  Zergling x16  
  71  9:51  Zergling x18  
  71  9:52  Zergling x6  
  91  10:10  Zerg Ground Armor Level 2  
  91  10:15  Pathogen Glands  
  91  10:16  Spire, Zergling x8  
  91  10:17  Overlord x3, Zergling x2  
  91  10:18  Overlord x3  
  95  10:26  Hatchery  
  94  10:31  Hatchery  
  93  10:41  Baneling Nest  
  92  10:48  Hatchery  
  91  10:58  Zerg Melee Weapons Level 3  
  91  11:01  Adrenal Glands, Ultralisk Cavern  
  90  11:22  Unknown  
  87  11:32  Overlord x6  
  87  11:33  Overlord  
  85  12:11  Mutalisk x4  
  85  12:12  Mutalisk x9  
  85  12:13  Mutalisk x4  
  119  12:33  Unknown  
  117  13:22  Mutalisk x6  
  117  13:23  Mutalisk x10  
Show
View Real Time Build Order
Export as new Build Order

protobuff Protoss - Winner!

Build Orders: 1 Gate Expand 

Get SALT Encoding   

  12  0:03  Probe (Chrono Boost)  
  13  0:13  Probe (Chrono Boost)  
  14  0:24  Probe (Chrono Boost)  
  14  0:26  Pylon  
  15  0:45  Probe (Chrono Boost)  
  15  0:48  Gateway  
  16  1:01  Pylon  
  16  1:30  Nexus  
  16  1:37  Zealot  
  18  1:58  Gateway  
  18  2:02  Pylon  
  18  2:04  Zealot (Chrono Boost)  
  20  2:23  Pylon  
  20  2:29  Zealot (Chrono Boost)  
  22  2:40  Probe  
  23  2:51  Probe  
  23  2:56  Zealot (Chrono Boost)  
  26  3:01  Probe, Assimilator  
  27  3:12  Probe  
  27  3:16  Pylon  
  27  3:17  Zealot (Chrono Boost)  
  32  3:22  Probe  
  32  3:23  Zealot (Chrono Boost)  
  33  3:33  Cybernetics Core  
  33  3:40  Zealot (Chrono Boost)  
  37  3:50  Zealot (Chrono Boost)  
  37  4:08  Zealot (Chrono Boost)  
  41  4:17  Zealot (Chrono Boost)  
  41  4:32  Zealot (Chrono Boost)  
  41  4:36  Pylon  
  41  4:38  Pylon  
  43  4:40  Nexus  
  43  4:44  Zealot (Chrono Boost)  
  45  4:55  Zealot (Chrono Boost)  
  45  5:09  Zealot (Chrono Boost)  
  47  5:19  Zealot (Chrono Boost)  
  49  5:25  Probe  
  50  5:33  Zealot (Chrono Boost)  
  52  5:37  Probe  
  52  5:40  Assimilator  
  51  5:43  Zealot (Chrono Boost)  
  51  5:49  Probe  
  54  5:56  Zealot (Chrono Boost)  
  56  6:01  Probe  
  57  6:13  Probe  
  42  7:09  Probe  
  41  7:19  Probe  
  42  7:30  Probe  
  43  7:40  Zealot (Chrono Boost), Probe  
  43  7:41  Zealot (Chrono Boost)  
  48  8:04  Zealot x2 (Chrono Boost)  
  50  8:08  Pylon  
  48  8:24  Pylon  
  40  8:27  Pylon  
  40  8:28  Zealot x2 (Chrono Boost)  
  40  8:30  Pylon  
  40  8:31  Pylon  
  40  8:32  Pylon  
  40  8:34  Pylon  
  44  8:36  Pylon  
  44  8:51  Zealot x2 (Chrono Boost)  
  48  9:01  Forge  
  48  9:15  Zealot x2 (Chrono Boost)  
  52  9:34  Stalker (Chrono Boost)  
  52  9:36  Protoss Ground Weapons Level 1 (Chrono Boost)  
  52  9:38  Stalker (Chrono Boost)  
  50  10:00  Stalker  
  48  10:08  Stalker  
  46  10:26  Zealot  
  46  10:38  Zealot  
  46  10:53  Stalker  
  44  11:05  Stalker  
  41  11:19  Stalker  
  43  11:35  Stalker  
  45  11:40  Protoss Ground Armor Level 1 (Chrono Boost)  
  45  11:42  Probe  
  45  11:45  Stalker  
  46  11:52  Probe  
  49  12:03  Probe  
  49  12:05  Stalker  
  50  12:11  Stalker  
  50  12:13  Probe  
  53  12:24  Probe  
  54  12:35  Stalker  
  56  12:37  Stalker  
Show
View Real Time Build Order
Export as new Build Order

chusux Terran - Winner!

Build Orders:  

Get SALT Encoding   

  12  0:02  SCV  
  13  0:18  Supply Depot  
  13  0:26  Supply Depot  
  13  0:32  SCV  
  14  0:44  SCV  
  14  0:49  Refinery  
  15  0:56  SCV  
  16  1:08  SCV  
  17  1:11  Barracks  
  17  1:20  SCV  
  18  1:29  Refinery  
  18  1:32  SCV  
  19  1:43  Supply Depot  
  19  1:44  SCV  
  20  1:56  SCV  
  21  2:05  Supply Depot  
  21  2:09  SCV  
  22  2:21  Marine  
  23  2:30  Command Center  
  23  2:39  Marine  
  23  2:41  SCV  
  25  2:53  SCV  
  25  2:57  Marine  
  27  3:02  Barracks  
  27  3:05  SCV  
  28  3:14  Marine  
  29  3:32  Marine  
  30  3:50  Reaper  
  30  3:51  Barracks, SCV  
  32  4:03  SCV  
  32  4:05  Bunker  
  33  4:11  Bunker  
  33  4:15  SCV  
  34  4:28  SCV  
  34  4:29  Supply Depot  
  35  4:36  Reaper  
  36  4:40  SCV  
  37  4:53  Barracks Tech Lab, Supply Depot  
  37  4:54  Barracks Reactor  
  37  5:07  Marine  
  38  5:16  Supply Depot  
  38  5:25  Marine  
  39  5:38  Supply Depot  
  39  5:43  Marine  
  40  5:57  Factory  
  40  6:01  Marine  
  40  6:03  Marine  
  40  6:04  Marine x2  
  44  6:19  Marine  
  44  6:21  Marine x3  
  48  6:37  Marine  
  48  6:39  Marine x3  
  51  6:43  Ghost Academy  
  52  6:54  Marine  
  52  6:57  Marine x2  
  55  7:18  Refinery  
  55  7:20  Refinery  
  55  7:42  Hellion  
  57  7:45  Combat Shields  
  57  7:53  Barracks Tech Lab  
  57  8:03  Hellion  
  59  8:07  SCV  
  60  8:19  SCV  
  61  8:25  Hellion  
  63  8:31  SCV  
  64  8:37  Marauder  
  64  8:40  Marine x2  
  68  8:43  SCV  
  68  8:46  Marauder, Hellion  
  73  8:55  SCV  
  74  8:58  Marine x2  
  74  8:59  Marauder  
  74  9:02  Starport  
  78  9:07  Marauder, Hellion  
  82  9:16  Marine x2  
  84  9:20  Marauder  
  86  9:28  Command Center, Widow Mine  
  86  9:29  Marauder  
  90  9:34  Marine x2  
  90  9:35  Unknown  
  92  9:41  Marauder  
  92  9:42  Bunker  
  93  9:50  Marauder  
  90  9:54  Supply Depot  
  88  10:03  Marauder  
  89  10:11  Marauder  
  91  10:16  Supply Depot  
  91  10:24  Bunker  
  91  10:33  Factory Reactor  
  91  10:39  Supply Depot  
  91  10:40  Marauder x2  
  95  10:45  Marine x2  
  97  11:01  Marauder x2  
  97  11:02  Marine, Supply Depot  
  97  11:03  Marine  
  99  11:20  Marine x2  
  99  11:22  Marauder  
  99  11:23  Marauder  
  97  11:32  Orbital Command  
  97  11:38  Marine x2  
  99  11:44  Marauder x2  
  103  11:51  Fusion Core  
  102  12:05  Marauder x2  
  104  12:29  SCV  
  105  12:41  SCV  
  106  12:53  SCV  
  106  12:55  Liberator  
  107  13:05  SCV  
  108  13:10  Starport  
  108  13:17  SCV  
  112  13:25  Ghost  
  112  13:26  Ghost  
  116  13:27  Reaper x2  
  116  13:33  Widow Mine x2  
  122  13:55  SCV  
Show
View Real Time Build Order
Export as new Build Order

A.I. 3 (Medium) Protoss 

Build Orders:  

Get SALT Encoding   

  12  0:01  Probe (Chrono Boost)  
  13  0:12  Probe (Chrono Boost)  
  14  0:21  Pylon  
  14  0:22  Probe (Chrono Boost)  
  15  0:39  Probe (Chrono Boost)  
  16  0:48  Assimilator  
  17  0:50  Probe (Chrono Boost)  
  17  0:51  Gateway  
  17  1:00  Probe (Chrono Boost)  
  17  1:01  Pylon  
  18  1:31  Gateway  
  18  1:35  Assimilator  
  18  1:38  Zealot  
  18  1:40  Cybernetics Core  
  20  2:03  Zealot  
  22  2:08  Pylon  
  22  2:09  Warp Gate  
  22  2:17  Stalker  
  24  2:30  Stalker  
  26  2:39  Probe (Chrono Boost)  
  27  2:46  Stalker  
  27  2:51  Probe (Chrono Boost)  
  30  2:58  Stalker  
  30  3:02  Pylon  
  30  3:03  Probe (Chrono Boost)  
  33  3:14  Forge, Probe (Chrono Boost)  
  34  3:26  Probe (Chrono Boost)  
  35  3:38  Probe (Chrono Boost)  
  36  5:10  Sentry  
  36  5:13  Probe (Chrono Boost)  
  39  5:16  Pylon  
  39  5:18  Photon Cannon  
  39  5:21  Photon Cannon  
  39  5:24  Probe (Chrono Boost), Adept  
  39  5:25  Robotics Facility  
  39  5:27  Stargate  
  41  5:30  Twilight Council  
  41  5:33  Forge  
  41  5:34  Nexus  
  41  5:37  Sentry, Gateway  
  43  5:44  Probe (Chrono Boost)  
  44  5:50  Sentry  
  46  5:57  Pylon  
  46  6:03  Adept  
  48  6:10  Observer  
  48  6:16  Stalker  
  49  6:29  Stalker  
  49  6:30  Observer  
  45  6:42  Stalker  
  44  6:47  Probe (Chrono Boost)  
  44  6:50  Probe (Chrono Boost)  
  45  6:55  Stalker  
  45  6:58  Probe (Chrono Boost)  
  49  7:02  Probe (Chrono Boost)  
  49  7:08  Zealot  
  52  7:09  Probe (Chrono Boost), Pylon  
  52  7:13  Probe (Chrono Boost)  
  53  7:20  Probe (Chrono Boost)  
  53  7:21  Zealot  
  56  7:23  Pylon  
  56  7:24  Probe (Chrono Boost)  
  57  7:31  Probe (Chrono Boost)  
  57  7:35  Probe (Chrono Boost)  
  59  7:42  Probe (Chrono Boost)  
  60  7:45  Probe (Chrono Boost), Photon Cannon  
  60  7:47  Photon Cannon  
  61  7:52  Probe (Chrono Boost)  
  61  7:56  Probe (Chrono Boost)  
  63  8:03  Probe (Chrono Boost)  
  64  8:06  Probe (Chrono Boost)  
  65  8:13  Probe (Chrono Boost)  
  65  8:17  Probe (Chrono Boost)  
  67  8:24  Probe (Chrono Boost)  
  68  8:39  Stalker x2  
  68  8:40  Assimilator  
  68  8:45  Assimilator  
  68  9:07  Probe (Chrono Boost)  
  69  9:16  Zealot  
  55  9:29  Adept  
  49  9:36  Warp Prism  
  49  9:41  Zealot  
  49  9:42  Gateway  
  52  9:45  Robotics Facility  
  52  9:47  Stargate  
  52  9:52  Nexus  
  50  9:54  Stalker  
  52  10:06  Stalker  
  54  10:11  Observer  
  53  10:17  Protoss Ground Weapons Level 1  
  53  10:18  Stalker  
  54  10:25  Pylon  
  54  10:26  Protoss Ground Armor Level 1  
  52  10:30  Adept  
  52  10:31  Warp Prism  
  54  10:42  Sentry  
  53  10:44  Robotics Bay  
  48  10:54  Probe (Chrono Boost)  
  48  10:55  Zealot  
  48  10:59  Probe (Chrono Boost)  
  48  11:04  Probe (Chrono Boost)  
  48  11:05  Probe (Chrono Boost)  
  48  11:07  Stalker  
  48  11:09  Probe (Chrono Boost)  
  52  11:11  Assimilator  
  52  11:16  Probe (Chrono Boost)  
  52  11:18  Probe (Chrono Boost)  
  54  11:20  Stalker  
  54  11:21  Probe (Chrono Boost)  
  54  11:23  Fleet Beacon  
  57  11:29  Gravitic Drive  
  57  11:32  Stalker  
  60  11:33  Probe (Chrono Boost)  
  60  11:36  Probe (Chrono Boost)  
  60  11:39  Probe (Chrono Boost)  
  62  11:43  Probe (Chrono Boost)  
  62  11:45  Stalker  
  54  11:49  Probe (Chrono Boost)  
  54  11:50  Probe (Chrono Boost)  
  54  11:52  Zealot  
  54  11:54  Probe (Chrono Boost)  
  48  11:59  Zealot  
  36  12:07  Zealot  
  35  12:14  Zealot  
  32  12:21  Zealot  
  32  12:22  Probe (Chrono Boost)  
  33  12:31  Stalker  
  33  12:33  Probe (Chrono Boost)  
  35  12:45  Probe (Chrono Boost)  
  33  12:56  Probe (Chrono Boost)  
  25  13:08  Probe (Chrono Boost)  
  23  13:19  Probe (Chrono Boost)  
  14  13:30  Probe (Chrono Boost)  
  15  13:41  Probe (Chrono Boost)  
  15  13:51  Probe (Chrono Boost)  
Show
View Real Time Build Order
Export as new Build Order

A.I. 4 (Medium) Zerg 

Build Orders: Pool First 

Get SALT Encoding   

  12  0:01  Drone  
  13  0:12  Overlord  
  13  0:16  Drone  
  14  0:30  Drone  
  14  0:33  Drone  
  16  0:42  Spawning Pool  
  15  0:44  Drone  
  15  0:48  Drone  
  17  0:52  Extractor  
  17  0:55  Drone  
  17  1:06  Overlord  
  17  1:30  Queen  
  17  1:31  Zergling x2  
  20  1:37  Roach Warren  
  20  1:38  Drone  
  20  1:39  Extractor  
  19  1:45  Zergling x2  
  20  1:49  Drone  
  21  2:00  Drone  
  22  2:10  Overlord  
  22  2:21  Roach  
  24  2:34  Overlord  
  24  2:40  Roach  
  26  2:55  Roach  
  28  2:58  Drone  
  28  3:02  Drone  
  30  3:09  Roach  
  30  3:11  Overlord  
  32  3:14  Drone  
  32  3:19  Drone  
  34  3:23  Drone  
  35  3:30  Roach  
  37  3:37  Baneling Nest  
  37  3:40  Drone  
  37  3:42  Evolution Chamber  
  37  3:44  Drone  
  37  3:45  Roach  
  37  3:47  Drone  
  40  3:59  Roach  
  42  4:13  Roach  
  44  5:40  Zergling x2  
  44  6:16  Lair, Overlord  
  44  6:17  Drone  
  45  6:20  Spore Crawler  
  45  6:23  Drone, Spore Crawler  
  45  6:25  Evolution Chamber  
  43  6:27  Drone  
  44  6:34  Drone  
  44  6:37  Drone  
  45  6:44  Zergling x2  
  40  6:56  Roach, Spine Crawler  
  40  6:58  Drone  
  36  7:02  Spine Crawler  
  36  7:03  Drone  
  36  7:08  Roach  
  32  7:12  Hatchery  
  32  7:13  Queen, Overseer  
  32  7:14  Drone, Overseer  
  34  7:19  Hydralisk Den, Roach  
  34  7:20  Drone  
  36  7:23  Drone, Infestation Pit  
  36  7:25  Spire  
  36  7:27  Drone  
  36  7:31  Roach  
  38  7:42  Roach  
  39  7:54  Roach  
  41  8:05  Hydralisk  
  43  8:16  Hydralisk  
  45  8:28  Hydralisk  
  47  8:39  Hydralisk  
  49  8:51  Zergling x2  
  50  9:08  Hatchery  
  49  9:36  Overseer  
  49  9:37  Overlord  
  48  10:21  Drone, Queen  
  48  10:24  Drone  
  48  10:27  Drone  
  53  10:30  Drone  
  53  10:33  Drone  
  53  10:34  Extractor  
  54  10:36  Drone  
  54  10:38  Spore Crawler  
  54  10:39  Drone  
  54  10:40  Corruptor  
  54  10:41  Drone, Overlord  
  54  10:42  Pneumatized Carapace, Spore Crawler, Overseer  
  57  10:43  Zerg Melee Weapons Level 1  
  57  10:52  Zerg Ground Armor Level 1, Infestor  
  59  10:59  Drone, Hive  
  59  11:04  Corruptor  
  60  11:09  Overlord  
  62  11:12  Drone  
  62  11:15  Drone  
  62  11:16  Infestor  
  65  11:21  Drone  
  65  11:24  Drone  
  53  11:27  Drone  
  53  11:28  Hatchery, Zergling x2  
  48  11:45  Overseer  
  48  11:49  Overseer  
  48  11:51  Drone  
  49  11:54  Drone  
  49  11:57  Drone  
  49  12:00  Drone  
  52  12:03  Drone  
  52  12:05  Burrow  
  53  12:13  Zergling x2, Spine Crawler  
  53  12:14  Greater Spire  
  52  12:20  Spine Crawler  
  47  12:25  Infestor  
  49  12:32  Overlord  
  37  12:37  Infestor  
  37  12:38  Drone  
  37  12:42  Drone  
  22  13:06  Queen  
  22  13:07  Hatchery  
Show
View Real Time Build Order
Export as new Build Order

A.I. 5 (Medium) Terran 

Build Orders:  

Get SALT Encoding   

  12  0:01  SCV  
  13  0:13  SCV  
  14  0:18  Supply Depot  
  14  0:25  SCV  
  15  0:40  SCV  
  15  0:42  Barracks  
  16  0:49  Refinery  
  16  0:52  SCV  
  17  1:04  SCV  
  18  1:18  Supply Depot  
  18  1:30  Marine, Orbital Command  
  19  1:34  Barracks  
  19  1:42  Refinery  
  19  1:49  Barracks Tech Lab  
  19  2:04  Factory  
  19  2:07  Marine  
  20  2:25  Marine  
  20  2:27  Supply Depot  
  20  2:28  Marine  
  22  2:43  Marine  
  23  2:47  Marine  
  23  2:48  SCV  
  25  2:57  Hellion  
  27  3:00  SCV, Engineering Bay  
  28  3:06  Marine  
  28  3:09  Supply Depot  
  30  3:12  SCV  
  30  3:18  Hellion  
  32  3:25  SCV  
  33  3:37  SCV  
  33  3:40  Hellion  
  36  3:49  SCV  
  37  5:23  Barracks Tech Lab, Marauder  
  37  5:24  SCV  
  37  5:28  Factory, Factory Tech Lab  
  40  5:32  Supply Depot  
  40  5:34  Missile Turret  
  40  5:36  Missile Turret  
  40  5:39  Sensor Tower  
  40  5:43  Armory  
  40  5:45  Marauder  
  40  5:49  Command Center, Starport  
  44  5:50  Marauder  
  44  5:53  SCV  
  44  6:01  Barracks  
  42  6:06  Marine  
  42  6:07  Ghost Academy  
  42  6:10  Supply Depot  
  41  6:11  Marauder, Factory Tech Lab  
  41  6:17  Bunker  
  34  6:23  Marine  
  35  6:28  Starport Tech Lab  
  35  6:32  Marine  
  36  6:41  Marine  
  37  6:47  Raven  
  37  6:48  Barracks Reactor  
  37  6:50  Marine  
  40  6:59  Marine  
  41  7:02  SCV  
  41  7:05  SCV  
  41  7:07  Marine  
  44  7:10  Missile Turret  
  44  7:14  SCV  
  45  7:17  Marine, SCV  
  45  7:21  Missile Turret  
  47  7:25  Ghost  
  47  7:26  SCV  
  47  7:29  SCV  
  50  7:30  Raven  
  52  7:38  SCV  
  49  7:50  SCV  
  41  8:02  SCV  
  41  8:05  Marine  
  42  8:14  SCV  
  42  8:15  Marine  
  44  8:21  Command Center  
  44  8:26  SCV  
  45  8:39  SCV  
  46  8:51  SCV  
  47  9:03  SCV  
  48  9:15  SCV  
  49  9:25  Reaper  
  49  9:26  Medivac  
  49  9:27  SCV  
  53  9:31  Reaper  
  53  9:34  Starport  
  53  9:38  Marine  
  55  9:44  Marine  
  44  9:55  Marine, Raven  
  44  9:57  Marine  
  46  10:04  Marine  
  41  10:10  Medivac  
  43  10:16  Marauder  
  45  10:35  Marauder  
  46  10:40  Marine  
  46  10:41  Starport Tech Lab  
  47  11:04  Marauder  
  49  11:21  Marauder  
  50  11:48  Raven  
  34  12:40  Command Center  
  33  12:49  Marine  
  28  12:59  Marine  
Tags
 
Add a new tag
Caveats
  • Supply blocks, unpowered buildings, or Contaminate may cause inaccurate times.
  • Supply counts are checked every 10 seconds.